 Dungeon Crawl Stone Soup version 0.31-a0-182-gc5ef74bbde (webtiles) character file.

Game seed: 2302985953036345006

20307 qw the Cleaver (level 12, -9/78 HPs)
             Began as a Gargoyle Fighter on June 21, 2023.
             Was a High Priest of Okawaru.
             Mangled by a bone dragon (13 damage)
             ... on level 1 of the Abyss.
             The game lasted 00:06:06 (9572 turns).

qw the Cleaver (Gargoyle Fighter)                   Turns: 9572, Time: 00:06:06

Health: -9/78      AC: 29    Str: 32    XL:     12   Next: 78%
Magic:  19/19      EV: 16    Int:  8    God:    Okawaru [*****.]
Gold:   388        SH:  6    Dex:  9    Spells: 11/11 levels left

rFire   x . .        Y - +0 broad axe
rCold   . . .        o - +0 buckler "Edown" {rF- Regen+ Str+8}
rNeg    + . .        t - +0 plate armour
rPois   inf          x - +1 hat {Stlth+}
rElec   +            i - +0 cloak
rCorr   .            m - +0 pair of gloves
SInv    +            (no boots)
Will    .....        p - amulet of faith Stlth
                     n - +5 ring of evasion
HPRegen 1.13/turn    v - ring of see invisible
MPRegen 0.16/turn

%: faith
@: about to teleport, heroic
A: sickness immunity, AC +8, negative energy resistance 1, electricity
resistance, torment resistance 1, petrification resistance, weak 1, subdued
magic 1
a: Renounce Religion, Heroism, Finesse, Duel


You were on level 1 of the Abyss.
You worshipped Okawaru.
Okawaru was extremely pleased with you.
You visited 3 branches of the dungeon, and saw 11 of its levels.
You visited the Abyss 1 time.

You collected 709 gold pieces.
You spent 321 gold pieces at shops.


Innate Abilities, Weirdness & Mutations

You are immune to sickness and miasma.
Your stone body is resilient. (AC +8)
You are immune to poison.
You resist negative energy. (rN+)
You are resistant to electric shocks. (rElec)
You are resistant to unholy torment.
You are immune to petrification.
You are weak. (Str -2)
Your spells are a little easier to cast, but a little less powerful.


   Skills:
 - Level 10.4(15.4) Fighting
 + Level 12.3(17.3) Axes
 - Level 2.4(7.4) Throwing
 - Level 9.1(14.1) Armour
 - Level 4.3(9.3) Dodging
 - Level 6.0(11.0) Shields
 - Level 10.0 Invocations


You had 11 spell levels left.
You didn't know any spells.
Your spell library was empty.

Inventory:

Hand Weapons
 y - a +1 hand axe of flaming
 Y - a +0 broad axe (weapon)
Missiles
 q - 2 boomerangs
 w - 3 silver boomerangs (quivered)
Armour
 i - a +0 cloak (worn)
 m - a +0 pair of gloves (worn)
 o - the +0 buckler "Edown" (worn) {rF- Regen+ Str+8}
   (You acquired it on level 9 of the Dungeon)

   Str:       It affects your strength (+8).
   rF:        It makes you vulnerable to fire.
   Regen:     It increases your rate of health regeneration.
 t - a +0 plate armour (worn)
 x - a +1 hat of stealth (worn)
Jewellery
 c - a ring of ice
 e - an amulet of regeneration
 n - a +5 ring of evasion (left hand)
 p - an amulet of faith (around neck)
 u - a ring of protection from fire
 v - a ring of see invisible (right hand)
 A - a ring of resist corrosion
Scrolls
 a - 6 scrolls of identify
 b - 6 scrolls of teleportation
Potions
 d - a potion of might
 f - 3 potions of enlightenment
 h - 2 potions of magic
 j - 5 potions of curing
 k - 3 potions of lignification
 l - 5 potions of attraction
 r - a potion of haste
 s - a potion of mutation

Dungeon Overview and Level Annotations

Branches:
Dungeon (9/15)             Temple (1/1) D:4            Lair (1/5) D:9
    Orc: D:9-12

Altars:
Ashenzari
Cheibriados
Dithmenos
Elyvilon
Fedhas
Gozag
Hepliaklqana
Kikubaaqudgha
Makhleb
Nemelex Xobeh
Okawaru
Qazlal
Ru
Sif Muna
Trog
Uskayaw
Vehumet
Wu Jian
Xom
Yredelemnul
Zin
The Shining One

Shops:
D:3 !   D:4 *   D:6 *   D:8 **

Annotations:
Lair:1 Sonja


Message History

The bone dragon is moderately damaged.
The bone dragon bites you but does no damage.
The bone dragon closely misses you. You block the bone dragon's attack.
You slash the bone dragon!
The bone dragon is heavily damaged.
The bone dragon bites you but does no damage.
You block the bone dragon's attack. The bone dragon tramples you.
You hold your ground!
You hit the bone dragon but do no damage.
The bone dragon is moderately damaged.
You slash the bone dragon!
The bone dragon is heavily damaged.
The bone dragon closely misses you. x2
The bone dragon tramples you but does no damage.
You hit the bone dragon but do no damage.
The bone dragon is heavily damaged.
You block the bone dragon's attack. The bone dragon claws you.
The bone dragon tramples you.
You hold your ground!
9568 ||| READING 7 scrolls of teleportation.
As you read the scroll of teleportation, it crumbles to dust.
You feel strangely unstable.
You feel the power of the Abyss delaying your translocation!
The bone dragon bites you but does no damage.
The bone dragon claws you but does no damage.
The bone dragon tramples you but does no damage.
You hit the bone dragon but do no damage.
The bone dragon is heavily damaged.
The bone dragon closely misses you. The bone dragon claws you!
The bone dragon misses you.
You slice the bone dragon!!
The bone dragon is heavily damaged.
You hit the bone dragon but do no damage.
The bone dragon is heavily damaged.
The bone dragon bites you but does no damage.
The bone dragon misses you. The bone dragon tramples you!
You hold your ground!
You hit the bone dragon.
The bone dragon is heavily damaged.
The bone dragon bites you but does no damage.
The bone dragon claws you!
You die...

. . #. . .
.. .#.. #
# #.##....
. . .#..##
# #. .
..#.
#.#.#### .
# .##
#..###D###
..1..#.
#.@).# ##
####......
.. .. .
0.####
#.#. . ###
5# # . ..
.# ..


You could see a bone dragon.

Vanquished Creatures
  Gastronok (D:9)
  A green draconian (Abyss:1)
  A great orb of eyes (Abyss:1)
  Erica (D:9)
  A two-headed ogre (D:8)
  Amaemon (Lair:1)
  Pikel (D:4)
  A faun (shapeshifter) (Abyss:1)
  Maurice (D:8)
  A black mamba (Lair:1)
  An apocalypse crab (Abyss:1)
  A smoke demon (Abyss:1)
  2 orange demons
  A kobold demonologist (D:6)
  A rime drake (Lair:1)
  Psyche (D:8)
  An efreet (Abyss:1)
  An ancient zyme (Abyss:1)
  A polar bear (Lair:1)
  A hornet (D:9)
  5 flying skulls (Abyss:1)
  4 large abominations (Abyss:1)
  A shadow (D:9)
  6 yaks (Lair:1)
  2 fire bats (Abyss:1)
  A wyvern (D:9)
  A steam dragon (D:7)
  A neqoxec (Abyss:1)
  2 chaos spawn (Abyss:1)
  2 water moccasins (Lair:1)
  An ice beast (D:8)
  6 orc warriors
  A sky beast (D:5)
  2 black bears
  3 ogres
  2 centaurs
  A phantom (D:6)
  3 kobold brigands
  4 bullfrogs
  6 scorpions
  2 gnoll sergeants (D:9)
  2 small abominations (Abyss:1)
  15 wights
  6 killer bees (D:9)
  5 howler monkeys
  A hound (D:6)
  A quasit (Abyss:1)
  4 orc priests
  A gnoll bouda (D:5)
  2 iguanas (D:3)
  An iron imp (Abyss:1)
  A sleepcap (D:5)
  5 orc wizards
  12 gnolls
  11 adders
  A shadow imp (Abyss:1)
  3 white imps
  An ufetubus (D:6)
  4 worms
  2 dart slugs
  57 orcs
  8 endoplasms
  2 giant cockroaches
  5 goblins
  7 hobgoblins
  14 jackals
  14 kobolds
  3 quokkas
  7 ball pythons
  10 bats
  3 frilled lizards
  7 rats
292 creatures vanquished.

Notes
Turn   | Place    | Note
-------+----------+-------------------------------------------
     0 | D:1      | qw the Gargoyle Fighter began the quest for the Orb.
     0 | D:1      | Reached XP level 1. HP: 14/14 MP: 1/1
     0 | D:1      | 0 ||| qw: Version: 0.3-a-9-g12657ce
     0 | D:1      | 0 ||| qw: Game counter: 1549
     0 | D:1      | 0 ||| qw: Always use a shield: true
     0 | D:1      | 0 ||| qw: God list: Okawaru
     0 | D:1      | 0 ||| qw: Allow faded altars: false
     0 | D:1      | 0 ||| qw: Do Orc after D:15 true
     0 | D:1      | 0 ||| qw: Do second Lair branch before Depths: true
     0 | D:1      | 0 ||| qw: Lair rune preference: random
     0 | D:1      | 0 ||| qw: Plans: Normal, Zot:1-4, Slime:5, God:TSO, Crypt,
                  | Tomb, Abyss, Pan, Hells, Win
     0 | D:1      | 0 ||| PLANNING D:1-11
   166 | D:1      | Reached skill level 2 in Axes
   212 | D:1      | 212 ||| Stepping ~*~*~tactically~*~*~ (hiding).
   223 | D:1      | Reached XP level 2. HP: 16/19 MP: 2/2
   239 | D:1      | 239 ||| Stepping ~*~*~tactically~*~*~ (stealth).
   405 | D:1      | Reached skill level 3 in Axes
   471 | D:1      | Reached XP level 3. HP: 22/23 MP: 3/3
   930 | D:1      | 930 ||| UPGRADING to +0 pair of gloves.
   935 | D:1      | 935 ||| UPGRADING to +5 ring of evasion.
   936 | D:1      | 936 ||| READING 2 scrolls labelled YRGHIL ARHUIWI.
   937 | D:1      | 937 ||| READING scroll labelled AHOCOTWAFE.
   938 | D:1      | 938 ||| READING scroll labelled EGGURPH JEOHIPN.
   939 | D:1      | 939 ||| READING scroll labelled YPATSO RACAS.
   940 | D:1      | 940 ||| READING scroll labelled WYNKAIR AKOLAOVADGH.
   941 | D:1      | 941 ||| DRINKING 2 blue potions.
   942 | D:1      | 942 ||| DRINKING 2 red potions.
  1130 | D:2      | 1130 ||| Stepping ~*~*~tactically~*~*~ (stealth).
  1135 | D:2      | 1135 ||| Stepping ~*~*~tactically~*~*~ (stealth).
  1173 | D:2      | 1173 ||| Stepping ~*~*~tactically~*~*~ (stealth).
  1215 | D:2      | Reached XP level 4. HP: 28/28 MP: 4/4
  1284 | D:2      | Reached skill level 4 in Axes
  1355 | D:2      | 1355 ||| Stepping ~*~*~tactically~*~*~ (stealth).
  1373 | D:2      | Found a faded altar of an unknown god.
  1655 | D:2      | 1655 ||| UPGRADING to +0 chain mail.
  1665 | D:2      | 1665 ||| DROPPING +0 scale mail.
  1666 | D:2      | 1666 ||| READING scroll labelled UDUDO CEI.
  1667 | D:2      | 1667 ||| READING scroll labelled YLIMA PUYPS.
  1668 | D:2      | 1668 ||| READING 3 scrolls of identify.
  1668 | D:2      | 1668 ||| IDENTIFYING lumpy silvery potion
  1669 | D:2      | 1669 ||| READING 2 scrolls of identify.
  1669 | D:2      | 1669 ||| IDENTIFYING smoky yellow potion
  1670 | D:2      | 1670 ||| DROPPING potion of brilliance.
  1671 | D:2      | 1671 ||| DROPPING potion of degeneration.
  1708 | D:3      | Reached XP level 5. HP: 32/32 MP: 5/5
  1715 | D:3      | 1715 ||| Stepping ~*~*~tactically~*~*~ (stealth).
  1783 | D:3      | 1783 ||| Stepping ~*~*~tactically~*~*~ (stealth).
  1784 | D:3      | 1784 ||| Stepping ~*~*~tactically~*~*~ (stealth).
  1788 | D:3      | 1788 ||| Stepping ~*~*~tactically~*~*~ (stealth).
  1793 | D:3      | Reached skill level 5 in Axes
  1950 | D:3      | 1950 ||| Stepping ~*~*~tactically~*~*~ (stealth).
  2002 | D:3      | 2002 ||| Stepping ~*~*~tactically~*~*~ (hiding).
  2033 | D:3      | Found Vaugaeha's Distillery.
  2040 | D:3      | 2040 ||| BUYING 2 potions of curing (60 gold).
  2040 | D:3      | Bought 2 potions of curing for 60 gold pieces
  2040 | D:3      | 2040 ||| BUYING 2 potions of lignification (60 gold).
  2040 | D:3      | Bought 2 potions of lignification for 60 gold pieces
  2040 | D:3      | 2040 ||| BUYING potion of attraction (30 gold).
  2040 | D:3      | Bought a potion of attraction for 30 gold pieces
  2040 | D:3      | 2040 ||| SHOPLISTING potion of curing (30 gold, have 27).
  2040 | D:3      | 2040 ||| SHOPLISTING potion of lignification (30 gold, have
                  | 27).
  2040 | D:3      | 2040 ||| SHOPLISTING potion of mutation (80 gold, have 27).
  2117 | D:3      | 2117 ||| Stepping ~*~*~tactically~*~*~ (stealth).
  2119 | D:3      | 2119 ||| Stepping ~*~*~tactically~*~*~ (stealth).
  2137 | D:3      | 2137 ||| Stepping ~*~*~tactically~*~*~ (stealth).
  2144 | D:3      | 2144 ||| DROPPING +0 whip.
  2280 | D:3      | 2280 ||| Stepping ~*~*~tactically~*~*~ (stealth).
  2282 | D:3      | 2282 ||| Stepping ~*~*~tactically~*~*~ (hiding).
  2454 | D:3      | Reached XP level 6. HP: 30/38 MP: 6/6
  2672 | D:3      | 2672 ||| UPGRADING to amulet of faith.
  2677 | D:3      | 2677 ||| UPGRADING to ring of protection from fire.
  2678 | D:3      | 2678 ||| READING scroll labelled JIOLABBYEJO.
  2681 | D:3      | 2681 ||| DRINKING 2 bubbling orange potions.
  2686 | D:4      | Found Zyruu's General Store.
  2690 | D:4      | Noticed a black bear
  2691 | D:4      | 2691 ||| SHOPLISTING amulet of reflection (390 gold, have
                  | 27).
  2691 | D:4      | 2691 ||| SHOPLISTING scroll of teleportation (39 gold, have
                  | 27).
  2700 | D:4      | Killed a black bear
  2808 | D:4      | Found a staircase to the Ecumenical Temple.
  2809 | D:4      | 2809 ||| PLANNING TEMPLE
  2816 | Temple   | Entered the Ecumenical Temple
  2972 | Temple   | 2972 ||| PLANNING D:1-11
  3097 | D:4      | Reached skill level 6 in Axes
  3224 | D:4      | Noticed Pikel
  3225 | D:4      | 3225 ||| Stepping ~*~*~tactically~*~*~ (hiding).
  3228 | D:4      | 3228 ||| Stepping ~*~*~tactically~*~*~ (hiding).
  3238 | D:4      | Killed Pikel
  3239 | D:4      | Reached XP level 7. HP: 20/43 MP: 7/7
  3239 | D:4      | Reached XP level 8. HP: 23/48 MP: 8/8
  3341 | D:4      | Identified the +4 falchion "Picanew" {freeze, Dex+2}
  3715 | D:4      | 3715 ||| DROPPING orb of light.
  3753 | D:5      | Entered Level 5 of the Dungeon
  3768 | D:5      | 3768 ||| Stepping ~*~*~tactically~*~*~ (stealth).
  3820 | D:5      | 3820 ||| Stepping ~*~*~tactically~*~*~ (stealth).
  4122 | D:5      | Reached skill level 7 in Axes
  4122 | D:5      | 4122 ||| FLEEEEING.
  4123 | D:5      | 4123 ||| FLEEEEING.
  4124 | D:5      | 4124 ||| FLEEEEING.
  4125 | D:5      | 4125 ||| FLEEEEING.
  4126 | D:5      | 4126 ||| FLEEEEING.
  4127 | D:5      | 4127 ||| FLEEEEING.
  4128 | D:5      | 4128 ||| FLEEEEING.
  4129 | D:5      | 4129 ||| FLEEEEING.
  4130 | D:5      | 4130 ||| FLEEEEING.
  4131 | D:5      | 4131 ||| FLEEEEING.
  4132 | D:5      | 4132 ||| FLEEEEING.
  4134 | D:5      | 4134 ||| FLEEEEING.
  4135 | D:5      | 4135 ||| FLEEEEING.
  4136 | D:5      | 4136 ||| FLEEEEING.
  4137 | D:5      | 4137 ||| FLEEEEING.
  4138 | D:5      | 4138 ||| FLEEEEING.
  4139 | D:5      | 4139 ||| FLEEEEING.
  4140 | D:5      | 4140 ||| FLEEEEING.
  4141 | D:5      | 4141 ||| FLEEEEING.
  4142 | D:5      | 4142 ||| FLEEEEING.
  4143 | D:5      | 4143 ||| FLEEEEING.
  4144 | D:5      | 4144 ||| FLEEEEING.
  4146 | D:5      | 4146 ||| FLEEEEING.
  4147 | D:5      | 4147 ||| FLEEEEING.
  4149 | D:5      | 4149 ||| FLEEEEING.
  4150 | D:5      | 4150 ||| FLEEEEING.
  4151 | D:5      | 4151 ||| FLEEEEING.
  4152 | D:5      | 4152 ||| FLEEEEING.
  4153 | D:5      | 4153 ||| FLEEEEING.
  4154 | D:5      | 4154 ||| FLEEEEING.
  4155 | D:5      | 4155 ||| FLEEEEING.
  4156 | D:5      | 4156 ||| FLEEEEING.
  4157 | D:5      | 4157 ||| FLEEEEING.
  4158 | D:5      | 4158 ||| FLEEEEING.
  4159 | D:5      | 4159 ||| FLEEEEING.
  4160 | D:5      | 4160 ||| FLEEEEING.
  4363 | D:5      | 4363 ||| Stepping ~*~*~tactically~*~*~ (hiding).
  4374 | D:5      | 4374 ||| FLEEEEING.
  4375 | D:5      | 4375 ||| FLEEEEING.
  4833 | D:5      | 4833 ||| READING scroll labelled BOWUIL QIOK.
  4868 | D:6      | 4868 ||| Stepping ~*~*~tactically~*~*~ (stealth).
  4870 | D:6      | 4870 ||| Stepping ~*~*~tactically~*~*~ (stealth).
  4871 | D:6      | 4871 ||| Stepping ~*~*~tactically~*~*~ (stealth).
  4895 | D:6      | Reached skill level 8 in Axes
  4944 | D:6      | Noticed a kobold demonologist
  4945 | D:6      | Reached XP level 9. HP: 54/55 MP: 9/9
  4950 | D:6      | Reached skill level 6 in Fighting
  4955 | D:6      | Killed a kobold demonologist
  5120 | D:6      | 5120 ||| Stepping ~*~*~tactically~*~*~ (hiding).
  5188 | D:6      | Found an iron altar of Okawaru.
  5189 | D:6      | 5189 ||| PLANNING OKAWARU WORSHIP
  5189 | D:6      | 5189 ||| READING 4 scrolls of identify.
  5189 | D:6      | 5189 ||| IDENTIFYING puce potion
  5215 | D:6      | Became a worshipper of Warmaster Okawaru
  5216 | D:6      | 5216 ||| PLANNING D:1-11
  5231 | D:6      | 5231 ||| Stepping ~*~*~tactically~*~*~ (hiding).
  5236 | D:6      | Reached skill level 9 in Axes
  5246 | D:6      | 5246 ||| Stepping ~*~*~tactically~*~*~ (stealth).
  5251 | D:6      | 5251 ||| DRINKING 6 potions of curing.
  5251 | D:6      | 5251 ||| (to cure confusion)
  5271 | D:6      | 5271 ||| Stepping ~*~*~tactically~*~*~ (stealth).
  5471 | D:6      | Found Ashoceul's Assorted Antiques.
  5476 | D:6      | 5476 ||| SHOPLISTING +8 orange crystal plate armour
                  | {Archmagi, Int+3 Clar} (2745 gold, have 237).
  5476 | D:6      | 5476 ||| BUYING potion of attraction (57 gold).
  5476 | D:6      | Bought a potion of attraction for 57 gold pieces
  5476 | D:6      | 5476 ||| BUYING scroll of teleportation (57 gold).
  5476 | D:6      | Bought a scroll of teleportation for 57 gold pieces
  5476 | D:6      | 5476 ||| BUYING scroll of teleportation (57 gold).
  5476 | D:6      | Bought a scroll of teleportation for 57 gold pieces
  5740 | D:6      | 5740 ||| READING scroll labelled ACUBUMO NADARUD.
  5932 | D:7      | 5932 ||| Stepping ~*~*~tactically~*~*~ (stealth).
  5947 | D:7      | Reached * piety under Okawaru
  5950 | D:7      | 5950 ||| Stepping ~*~*~tactically~*~*~ (stealth).
  5967 | D:7      | 5967 ||| Stepping ~*~*~tactically~*~*~ (stealth).
  5988 | D:7      | 5988 ||| INVOKING Heroism.
  6019 | D:7      | 6019 ||| Stepping ~*~*~tactically~*~*~ (stealth).
  6042 | D:7      | Reached skill level 1 in Invocations
  6330 | D:7      | 6330 ||| INVOKING Heroism.
  6547 | D:7      | 6547 ||| Stepping ~*~*~tactically~*~*~ (stealth).
  6548 | D:7      | 6548 ||| Stepping ~*~*~tactically~*~*~ (stealth).
  6549 | D:7      | 6549 ||| Stepping ~*~*~tactically~*~*~ (stealth).
  6553 | D:7      | 6553 ||| Stepping ~*~*~tactically~*~*~ (hiding).
  6595 | D:7      | 6595 ||| Stepping ~*~*~tactically~*~*~ (hiding).
  6600 | D:7      | 6600 ||| Stepping ~*~*~tactically~*~*~ (stealth).
  6613 | D:7      | 6613 ||| INVOKING Heroism.
  6615 | D:7      | Reached skill level 3 in Invocations
  6929 | D:7      | 6929 ||| UPGRADING to +0 plate armour.
  6939 | D:7      | 6939 ||| DROPPING +0 chain mail.
  6940 | D:7      | 6940 ||| UPGRADING to ring of see invisible.
  6942 | D:7      | 6942 ||| DROPPING ring of wizardry.
  6943 | D:7      | 6943 ||| READING scroll labelled HIUT UVIAHOUQ.
  6944 | D:7      | 6944 ||| READING scroll labelled QYKLYKHL NAOWKO.
  6945 | D:7      | 6945 ||| READING 7 scrolls of identify.
  6945 | D:7      | 6945 ||| IDENTIFYING yellow potion
  6946 | D:7      | 6946 ||| DRINKING potion of experience.
  6946 | D:7      | Reached skill level 9 in Armour
  6946 | D:7      | Reached XP level 10. HP: 63/63 MP: 11/16
  6990 | D:8      | Noticed Maurice
  6999 | D:8      | 6999 ||| Stepping ~*~*~tactically~*~*~ (hiding).
  7007 | D:8      | Killed Maurice
  7008 | D:8      | Reached XP level 11. HP: 65/67 MP: 17/17
  7053 | D:8      | 7053 ||| Stepping ~*~*~tactically~*~*~ (hiding).
  7056 | D:8      | 7056 ||| INVOKING Heroism.
  7057 | D:8      | Found Iibiawudgh's Incredible Inventory.
  7121 | D:8      | 7121 ||| SHOPLISTING +0 ice dragon scales (600 gold, have
                  | 145).
  7150 | D:8      | 7150 ||| Stepping ~*~*~tactically~*~*~ (stealth).
  7168 | D:8      | Reached skill level 1 in Throwing
  7172 | D:8      | 7172 ||| Stepping ~*~*~tactically~*~*~ (hiding).
  7174 | D:8      | 7174 ||| Stepping ~*~*~tactically~*~*~ (hiding).
  7192 | D:8      | Noticed Psyche
  7193 | D:8      | 7193 ||| Stepping ~*~*~tactically~*~*~ (stealth).
  7195 | D:8      | 7195 ||| INVOKING Heroism.
  7204 | D:8      | Killed Psyche
  7204 | D:8      | Reached ** piety under Okawaru
  7456 | D:8      | Noticed a two-headed ogre
  7457 | D:8      | 7457 ||| Stepping ~*~*~tactically~*~*~ (stealth).
  7458 | D:8      | 7458 ||| Stepping ~*~*~tactically~*~*~ (stealth).
  7460 | D:8      | 7460 ||| INVOKING Heroism.
  7466 | D:8      | Killed a two-headed ogre
  7467 | D:8      | Reached skill level 10 in Axes
  7512 | D:8      | Found Meesanuy's Neck Hole.
  7513 | D:8      | 7513 ||| Stepping ~*~*~tactically~*~*~ (stealth).
  7515 | D:8      | 7515 ||| Stepping ~*~*~tactically~*~*~ (stealth).
  7516 | D:8      | 7516 ||| Stepping ~*~*~tactically~*~*~ (stealth).
  7532 | D:8      | 7532 ||| SHOPLISTING +2 cloak (198 gold, have 145).
  7532 | D:8      | 7532 ||| SHOPLISTING scarf of resistance (384 gold, have
                  | 145).
  7583 | D:8      | 7583 ||| UPGRADING to +0 cloak.
  7588 | D:8      | 7588 ||| READING scroll labelled ZISMEL ARIZ.
  7628 | D:9      | Noticed Gastronok
  7629 | D:9      | 7629 ||| Stepping ~*~*~tactically~*~*~ (hiding).
  7632 | D:9      | 7632 ||| INVOKING Heroism.
  7640 | D:9      | Killed Gastronok
  7661 | D:9      | 7661 ||| Stepping ~*~*~tactically~*~*~ (stealth).
  7673 | D:9      | 7673 ||| Stepping ~*~*~tactically~*~*~ (stealth).
  7676 | D:9      | 7676 ||| Stepping ~*~*~tactically~*~*~ (hiding).
  7681 | D:9      | 7681 ||| Stepping ~*~*~tactically~*~*~ (hiding).
  7684 | D:9      | 7684 ||| INVOKING Heroism.
  7724 | D:9      | 7724 ||| DROPPING +0 morningstar.
  7725 | D:9      | 7725 ||| Stepping ~*~*~tactically~*~*~ (stealth).
  7759 | D:9      | 7759 ||| DROPPING +0 flail.
  7760 | D:9      | 7760 ||| DROPPING +2 flail of draining.
  7761 | D:9      | 7761 ||| DROPPING +0 hand axe.
  7810 | D:9      | 7810 ||| INVOKING Heroism.
  7993 | D:9      | 7993 ||| Stepping ~*~*~tactically~*~*~ (stealth).
  8007 | D:9      | Reached *** piety under Okawaru
  8075 | D:9      | 8075 ||| Stepping ~*~*~tactically~*~*~ (stealth).
  8076 | D:9      | 8076 ||| Stepping ~*~*~tactically~*~*~ (stealth).
  8330 | D:9      | Found a staircase to the Lair.
  8340 | D:9      | 8340 ||| READING scroll of enchant weapon.
  8340 | D:9      | 8340 ||| ENCHANTING +1 war axe of draining.
  8354 | D:9      | Noticed Erica
  8355 | D:9      | 8355 ||| Stepping ~*~*~tactically~*~*~ (hiding).
  8356 | D:9      | 8356 ||| Stepping ~*~*~tactically~*~*~ (hiding).
  8357 | D:9      | 8357 ||| Stepping ~*~*~tactically~*~*~ (hiding).
  8358 | D:9      | 8358 ||| Stepping ~*~*~tactically~*~*~ (hiding).
  8360 | D:9      | 8360 ||| INVOKING Heroism.
  8367 | D:9      | Killed Erica
  8368 | D:9      | Reached skill level 11 in Axes
  8383 | D:9      | Found a shimmering altar of Xom.
  8386 | D:9      | 8386 ||| Stepping ~*~*~tactically~*~*~ (stealth).
  8388 | D:9      | 8388 ||| Stepping ~*~*~tactically~*~*~ (stealth).
  8391 | D:9      | 8391 ||| INVOKING Heroism.
  8411 | D:9      | 8411 ||| SWAPPING to +0 broad axe.
  8415 | D:9      | 8415 ||| DROPPING +0 war axe.
  8416 | D:9      | 8416 ||| DROPPING +2 war axe of draining.
  8449 | D:9      | Found an ancient bone altar of Kikubaaqudgha.
  8449 | D:9      | Found an ornate altar of the Wu Jian Council.
  8450 | D:9      | Found a shadowy altar of Dithmenos.
  8543 | D:9      | 8543 ||| PLANNING LAIR
  8543 | D:9      | 8543 ||| UPGRADING to +1 hat of stealth.
  8548 | D:9      | 8548 ||| READING 2 scrolls labelled ICVOBAA BAYSS.
  8548 | D:9      | Identified 2 scrolls of acquirement
  8548 | D:9      | 8548 ||| ACQUIRING +0 buckler "Edown" {rF- Regen+ Str+8}
  8548 | D:9      | Acquired the +0 buckler "Edown" {rF- Regen+ Str+8}
  8550 | D:9      | 8550 ||| UPGRADING to +0 buckler "Edown" {rF- Regen+
                  | Str+8}.
  8560 | D:9      | 8560 ||| DROPPING +0 buckler.
  8561 | D:9      | 8561 ||| READING scroll of acquirement.
  8561 | D:9      | 8561 ||| ACQUIRING ring of ice
  8561 | D:9      | Acquired a ring of ice
  8563 | D:9      | 8563 ||| READING scroll labelled PAIGRI EMUP.
  8664 | D:9      | 8664 ||| READING 7 scrolls of identify.
  8664 | D:9      | 8664 ||| IDENTIFYING metallic orange potion
  8691 | Lair:1   | Entered Level 1 of the Lair of Beasts
  8709 | Lair:1   | 8709 ||| Stepping ~*~*~tactically~*~*~ (hiding).
  8747 | Lair:1   | 8747 ||| INVOKING Heroism.
  8752 | Lair:1   | Reached skill level 9 in Fighting
  8779 | Lair:1   | 8779 ||| Stepping ~*~*~tactically~*~*~ (stealth).
  8806 | Lair:1   | Noticed Sonja
  8841 | Lair:1   | Reached **** piety under Okawaru
  8845 | Lair:1   | 8845 ||| INVOKING Heroism.
  8849 | Lair:1   | HP: 17/71 [Sonja/+2 dagger of distortion (4)]
  8850 | Lair:1   | 8850 ||| READING 9 scrolls of teleportation.
  8920 | Lair:1   | 8920 ||| Stepping ~*~*~tactically~*~*~ (stealth).
  8938 | Lair:1   | Reached XP level 12. HP: 71/76 MP: 18/18
  8996 | Lair:1   | Noticed Amaemon
  8997 | Lair:1   | 8997 ||| INVOKING Heroism.
  9018 | Lair:1   | Killed Amaemon
  9034 | Lair:1   | Received a gift from Okawaru
  9035 | Lair:1   | Reached skill level 9 in Invocations
  9043 | Lair:1   | 9043 ||| Stepping ~*~*~tactically~*~*~ (stealth).
  9046 | Lair:1   | 9046 ||| Stepping ~*~*~tactically~*~*~ (stealth).
  9048 | Lair:1   | 9048 ||| Stepping ~*~*~tactically~*~*~ (hiding).
  9051 | Lair:1   | 9051 ||| INVOKING Heroism.
  9051 | Abyss:1  | Cast into level 1 of the Abyss (Sonja)
  9107 | Abyss:1  | Gained mutation: You are weak. (Str -2) [a neqoxec]
  9112 | Abyss:1  | Gained mutation: Your spells are a little easier to cast,
                  | but a little less powerful. [a neqoxec]
  9147 | Abyss:1  | Noticed a green draconian
  9152 | Abyss:1  | 9152 ||| INVOKING Heroism.
  9175 | Abyss:1  | Killed a green draconian
  9213 | Abyss:1  | 9213 ||| Stepping ~*~*~tactically~*~*~ (stealth).
  9220 | Abyss:1  | 9220 ||| Stepping ~*~*~tactically~*~*~ (stealth).
  9221 | Abyss:1  | 9221 ||| Stepping ~*~*~tactically~*~*~ (stealth).
  9222 | Abyss:1  | 9222 ||| Stepping ~*~*~tactically~*~*~ (stealth).
  9245 | Abyss:1  | 9245 ||| Stepping ~*~*~tactically~*~*~ (hiding).
  9252 | Abyss:1  | 9252 ||| INVOKING Heroism.
  9257 | Abyss:1  | HP: 17/76 [something (3)]
  9258 | Abyss:1  | Reached skill level 12 in Axes
  9311 | Abyss:1  | 9311 ||| Stepping ~*~*~tactically~*~*~ (hiding).
  9322 | Abyss:1  | Received a gift from Okawaru
  9353 | Abyss:1  | 9353 ||| Stepping ~*~*~tactically~*~*~ (stealth).
  9365 | Abyss:1  | 9365 ||| Stepping ~*~*~tactically~*~*~ (stealth).
  9368 | Abyss:1  | 9368 ||| Stepping ~*~*~tactically~*~*~ (stealth).
  9369 | Abyss:1  | 9369 ||| Stepping ~*~*~tactically~*~*~ (stealth).
  9370 | Abyss:1  | 9370 ||| Stepping ~*~*~tactically~*~*~ (stealth).
  9371 | Abyss:1  | 9371 ||| Stepping ~*~*~tactically~*~*~ (stealth).
  9371 | Abyss:1  | Noticed a great orb of eyes
  9372 | Abyss:1  | 9372 ||| Stepping ~*~*~tactically~*~*~ (stealth).
  9373 | Abyss:1  | 9373 ||| Stepping ~*~*~tactically~*~*~ (stealth).
  9386 | Abyss:1  | 9386 ||| Stepping ~*~*~tactically~*~*~ (stealth).
  9387 | Abyss:1  | 9387 ||| Stepping ~*~*~tactically~*~*~ (stealth).
  9388 | Abyss:1  | 9388 ||| Stepping ~*~*~tactically~*~*~ (stealth).
  9397 | Abyss:1  | 9397 ||| INVOKING Heroism.
  9400 | Abyss:1  | Received a gift from Okawaru
  9404 | Abyss:1  | Reached skill level 6 in Shields
  9418 | Abyss:1  | 9418 ||| Stepping ~*~*~tactically~*~*~ (stealth).
  9424 | Abyss:1  | 9424 ||| DRINKING 6 potions of curing.
  9424 | Abyss:1  | 9424 ||| (to cure confusion)
  9424 | Abyss:1  | HP: 3/77 [disintegration (46)]
  9425 | Abyss:1  | 9425 ||| READING 8 scrolls of teleportation.
  9426 | Abyss:1  | 9426 ||| DRINKING 2 potions of heal wounds.
  9426 | Abyss:1  | Paralysed by a great orb of eyes for 2 turns
  9428 | Abyss:1  | 9428 ||| DRINKING potion of heal wounds.
  9434 | Abyss:1  | Killed a great orb of eyes
  9434 | Abyss:1  | Reached ***** piety under Okawaru
  9439 | Abyss:1  | Received a gift from Okawaru
  9514 | Abyss:1  | 9514 ||| Stepping ~*~*~tactically~*~*~ (stealth).
  9520 | Abyss:1  | Noticed a Hell Sentinel
  9521 | Abyss:1  | 9521 ||| Stepping ~*~*~tactically~*~*~ (stealth).
  9528 | Abyss:1  | 9528 ||| Stepping ~*~*~tactically~*~*~ (hiding).
  9543 | Abyss:1  | Noticed a bone dragon
  9549 | Abyss:1  | 9549 ||| INVOKING Heroism.
  9567 | Abyss:1  | HP: 18/78 [bone dragon (5)]
  9568 | Abyss:1  | 9568 ||| READING 7 scrolls of teleportation.
  9569 | Abyss:1  | HP: 8/78 [bone dragon (7)]
  9571 | Abyss:1  | HP: 3/78 [bone dragon (7)]
  9572 | Abyss:1  | Mangled by a bone dragon

Levels and vault maps discovered:
D:1:      shiori_arrival_oz, layout_basic, nicolae_figureground_sparkle
D:2:      layout_loops_cross, hellmonk_ecumenical_altar_dog_temple,
          minmay_fountain_box
D:3:      minmay_razor_zed, layout_loops_ring, serial_shops,
          nicolae_shop_industrial_runoff
D:4:      layout_gridville, minmay_temple_entry_gardened_gates, serial_shops,
          nicolae_shop_advertising_works [nicolae_subvault_shop_adworks],
          uniq_pikel
D:5:      layout_loops_corners, kennysheep_generic_room_3
D:6:      minmay_cornered_nines, layout_cave_pods, okawaru_trees_1,
          serial_shops, nicolae_square_shop
D:7:      layout_loops_corners
D:8:      layout_rooms, nicolae_alphabet_shops, minmay_statues_item,
          nicolae_shop_sticking_my_neck_out, uniq_psyche, uniq_maurice
D:9:      layout_roguey [special_room_orc], mainiacjoe_overflow_catwalk,
          gammafunk_temple_overflow_claw, dpeg_oklobed_lair, uniq_erica,
          uniq_gastronok
Temple:   nicolae_temple_bog_church
Lair:1:   layout_cave_pods, gammafunk_ghost_hydra_chop, beast_lair_carwin_10,
          infiniplex_staircase_pool_2, uniq_joseph, uniq_amaemon, uniq_sonja
Abyss:1:  base:
D:7

Skill      XL: |  1  2  3  4  5  6  7  8  9 10 11 12 |
---------------+-------------------------------------+-----
Axes           | 2 3 4 5 6 8 9 11 12 | 12.3
Fighting       | 4 5 7 9 10 | 10.4
Dodging        | 4 |  4.3
Armour         | 9 |  9.1
Shields        | 4 5 6 |  6.0
Invocations    | 8 10 | 10.0
Throwing       | 2 |  2.4

Action                     |  1- 3 |  4- 6 |  7- 9 | 10-12 || total
---------------------------+-------+-------+-------+-------++-------
  Melee: War axe           |   122 |   161 |   318 |   235 ||   836
         Broad axe         |       |       |       |   230 ||   230
  Throw: Boomerang         |       |    30 |       |    79 ||   109
         Javelin           |       |       |       |     3 ||     3
 Invoke: Heroism           |       |       |     3 |    16 ||    19
    Use: Scroll            |     5 |     5 |     6 |     9 ||    25
         Potion            |     2 |     1 |     2 |     3 ||     8
 Armour: Scale mail        |    61 |    26 |       |       ||    87
         Chain mail        |       |    31 |    95 |       ||   126
         Plate armour      |       |       |       |   238 ||   238
         Skin              |       |       |       |     1 ||     1
  Dodge: Dodged            |    76 |   130 |   163 |   305 ||   674
  Block: Buckler           |    24 |    25 |    51 |   132 ||   232

Table legend:
 A = Non-vault XP
 B = Vault XP
 C = Vault XP percentage of total XP
 D = Non-vault monster count
 E = Vault monster count
 F = Vault count percentage of total count
                 A         B        C        D         E       F
            +---------+---------+-------+---------+---------+-------
      Total |   18254 |    6307 |  25.7 |     238 |      54 |  18.5
            +---------+---------+-------+---------+---------+-------
        D:1 |      40 |       1 |   2.4 |      24 |       1 |   4.0
        D:2 |      94 |       8 |   7.8 |      25 |       4 |  13.8
        D:3 |     180 |      18 |   9.1 |      27 |       9 |  25.0
        D:4 |     235 |     663 |  73.8 |       9 |       1 |  10.0
        D:5 |     807 |     137 |  14.5 |      19 |       2 |   9.5
        D:6 |     719 |     529 |  42.4 |      18 |       3 |  14.3
        D:7 |    1088 |       0 |   0.0 |      22 |       0 |   0.0
        D:8 |    1663 |     833 |  33.4 |      16 |       2 |  11.1
        D:9 |    2269 |    2643 |  53.8 |      40 |      28 |  41.2
     Lair:1 |    2566 |    1475 |  36.5 |      11 |       4 |  26.7
    Abyss:1 |    8593 |       0 |   0.0 |      27 |       0 |   0.0
            +---------+---------+-------+---------+---------+-------
